 Dungeon Crawl Stone Soup version 0.26.1-2-gb8aa6d0cf2 (webtiles) character file.

Game seed: 1604774364830957331

3780 Gadfly the Caller (level 10, -2/56 HPs)
             Began as a Tengu Air Elementalist on Feb 17, 2021.
             Was a Believer of Vehumet.
             Slain by an unseen horror (8 damage)
             ... on level 7 of the Dungeon.
             The game lasted 00:35:19 (8837 turns).

Gadfly the Caller (Tengu Air Elementalist)          Turns: 8837, Time: 00:35:20

Health: -2/56      AC:  3    Str: 17    XL:     10   Next: 16%
Magic:  19/19      EV: 20    Int: 16    God:    Vehumet [**....]
Gold:   215        SH:  0    Dex: 15    Spells: 4/20 levels left

rFire    . . .     SeeInvis .   a - +3 hand axe (elec)
rCold    . . .     Faith    .   (no shield)
rNeg     . . .     Spirit   .   l - +1 robe
rPois    .         Reflect  .   (helmet restricted)
rElec    .         Harm     .   (no cloak)
rCorr    .         Rampage  .   (no gloves)
Will     +....                  (boots unavailable)
Stlth    ++........             f - amulet of regeneration
HPRegen  0.58/turn              t - +6 ring of strength
MPRegen  0.16/turn              r - ring of willpower

@: flying quickly and evasively, quick
A: beak, talons 3, able to fly
a: Stop Flying, Renounce Religion


You were on level 7 of the Dungeon.
You worshipped Vehumet.
Vehumet was pleased with you.
You visited 2 branches of the dungeon, and saw 8 of its levels.
You also visited: Ossuary.

You collected 215 gold pieces.

Inventory:

Hand Weapons
 a - a +3 hand axe of electrocution (weapon)
 w - a +1 rapier of venom
Armour
 l - a +1 robe (worn)
Magical Staves
 b - an uncursed staff of conjuration
Jewellery
 f - an amulet of regeneration (around neck)
 g - an uncursed ring of resist corrosion
 j - an uncursed ring of fire
 n - an uncursed ring of see invisible
 o - an uncursed ring of protection from fire
 r - a ring of willpower (right hand)
 t - a +6 ring of strength (left hand)
Wands
 i - a wand of paralysis (7)
Scrolls
 c - a scroll of amnesia
 k - 2 scrolls of teleportation
 m - 5 scrolls of remove curse
 s - a scroll of identify
 v - a scroll of enchant armour
Potions
 d - 2 potions of heal wounds
 e - 2 potions of ambrosia
 h - 6 potions of curing
 p - a potion of cancellation
 q - a potion of mutation
 u - a potion of haste


   Skills:
 + Level 3.8 Fighting
 * Level 6.9 Dodging
 - Level 2.0 Stealth
 * Level 5.8 Spellcasting
 + Level 6.4 Conjurations
 * Level 7.1 Summonings
 + Level 6.6 Air Magic
 * Level 6.0 Evocations


You had 4 spell levels left.
You knew the following spells:

 Your Spells              Type           Power        Failure   Level
a - Shock                 Conj/Air       100%         1%          1
b - Swiftness             Air            26%          1%          2
c - Static Discharge      Conj/Air       25%          2%          3
d - Airstrike             Air            13%          9%          4
e - Lightning Bolt        Conj/Air       12%          26%         5
f - Foxfire               Conj/Fire      56%          3%          1

Your spell library contained the following spells:

 Spells                   Type           Power        Failure   Level
 Magic Dart               Conj           100%         1%          1


Dungeon Overview and Level Annotations

Branches:
Dungeon (7/15)             Temple (1/1) D:5         Ossuary (visited)

Altars:
Ashenzari
Cheibriados
Dithmenos
Elyvilon
Fedhas
Gozag
Hepliaklqana
Kikubaaqudgha
Makhleb
Nemelex Xobeh
Okawaru
Qazlal
Ru
Sif Muna
Trog
Uskayaw
Vehumet
Wu Jian
Xom
Yredelemnul
Zin
The Shining One

Shops:
D:7 ?

Annotations:
D:7 1 runed translucent door


Innate Abilities, Weirdness & Mutations

You have a beak for a mouth.
You have claws for feet.
You can fly continuously.


Message History

The wyvern struggles to resist.
Something hits you.
* * * LOW HITPOINT WARNING * * *
The wyvern misses you.
The orc wizard gestures wildly while chanting.
The orc wizard seems to speed up.
The wyvern misses you.
That's the wrong kind of item! (Use * to select it.) Evoke which item? (* to show all) (? for menu, Esc to quit)
Aiming: Paralyse
Press: ? - help, Shift-Dir - straight line, f/p - wyvern
Aim: a wyvern (lightly wounded, chance to affect: 64%)
The wyvern struggles to resist.
Something completely misses you. The orc wizard completely misses you.
The wyvern barely misses you.
Aiming: Paralyse
Press: ? - help, Shift-Dir - straight line, f/p - wyvern
Aim: a wyvern (lightly wounded, chance to affect: 64%)
The wyvern suddenly stops moving!
Something hits you.
* * * LOW HITPOINT WARNING * * *
The orc wizard looks satisfied for a moment.
Something hits you!
You die...

##..#..##..#.
.##....##.##.
.##.......#.)
#=.##.#...##.. .).
#...#.#...
##)#####..###...
####o:#..##...#..##
##.#l)##...##.##.##
#..@{.)(....#.#..#
#.###########.##.##
#..#..# #.##.##
.##..# #.#..##
.##.## +.#..#######
.###.###.....


You could see a wyvern (paralysed) and an orc wizard (fast).

Vanquished Creatures
  An ugly thing (D:6)
  A manticore (D:7)
  2 ice beasts
  Duvessa (D:6)
  3 phantoms
  4 centaurs
  3 big kobolds (D:7)
  A bullfrog (D:6)
  Dowan (D:6)
  10 scorpions (Ossuary)
  A howler monkey (D:6)
  3 centaur zombies
  5 hounds
  A quasit (D:7)
  A bullfrog zombie (D:5)
  4 jellies
  2 orc priests (D:5)
  A bullfrog skeleton (D:7)
  A centaur skeleton (D:5)
  An iguana (D:7)
  6 orc wizards
  6 worker ants
  2 hound zombies
  3 mummies (Ossuary)
  A worker ant zombie (D:5)
  3 gnolls (D:7)
  9 adders
  4 scorpion zombies (Ossuary)
  A shadow imp (D:6)
  A white imp (D:5)
  An ooze (D:3)
  An adder skeleton (D:5)
  3 worms
  7 dart slugs
  5 leopard geckos
  22 orcs
  A ball python (D:1)
  8 giant cockroaches
  3 gnoll zombies (Ossuary)
  7 goblins
  9 hobgoblins
  13 jackals
  25 kobolds
  5 quokkas
  4 bats
  3 frilled lizards
  2 goblin zombies (Ossuary)
  A hobgoblin zombie (Ossuary)
  3 kobold zombies (Ossuary)
  3 orc zombies (Ossuary)
  10 rats
219 creatures vanquished.

Vanquished Creatures (others)
  10 plants (D:3)
10 creatures vanquished.

Grand Total: 229 creatures vanquished

Notes
Turn   | Place    | Note
-------+----------+-------------------------------------------
     0 | D:1      | Gadfly the Tengu Air Elementalist began the quest for the
                  | Orb.
     0 | D:1      | Reached XP level 1. HP: 10/10 MP: 4/4
    70 | D:1      | Reached XP level 2. HP: 13/15 MP: 1/6
   267 | D:1      | Reached skill level 1 in Evocations
   384 | D:1      | Reached skill level 1 in Summonings
   600 | D:1      | Learned a level 2 spell: Swiftness
   643 | D:1      | Reached XP level 3. HP: 5/19 MP: 2/7
   650 | D:1      | Learned a level 3 spell: Static Discharge
  1659 | D:2      | Reached XP level 4. HP: 24/24 MP: 4/8
  2061 | D:2      | Found a faded altar of an unknown god.
  2623 | D:2      | Gained mutation: You can fly continuously. [Tengu growth]
  2623 | D:2      | Reached XP level 5. HP: 17/28 MP: 6/9
  3130 | D:3      | Reached skill level 2 in Summonings
  3754 | D:4      | Reached skill level 1 in Fighting
  3904 | D:4      | Noticed a phantom
  4039 | D:4      | Reached XP level 6. HP: 32/34 MP: 11/11
  4152 | D:4      | Found a sand-covered staircase.
  4157 | Ossuary  | Entered an ossuary
  4586 | Ossuary  | Reached skill level 3 in Summonings
  4605 | Ossuary  | Reached XP level 7. HP: 24/38 MP: 9/12
  5033 | Ossuary  | Reached skill level 4 in Summonings
  5122 | Ossuary  | Reached skill level 5 in Air Magic
  5122 | Ossuary  | Reached XP level 8. HP: 24/44 MP: 14/14
  5289 | Ossuary  | Identified a scroll of acquirement
  5289 | Ossuary  | Acquired an uncursed staff of conjuration
  5908 | D:4      | Learned a level 4 spell: Airstrike
  5929 | D:5      | Entered Level 5 of the Dungeon
  5958 | D:5      | Found a staircase to the Ecumenical Temple.
  5967 | Temple   | Entered the Ecumenical Temple
  6094 | D:5      | Found a radiant altar of Vehumet.
  6094 | D:5      | Found a stormy altar of Qazlal.
  6156 | D:5      | Became a worshipper of Vehumet
  6364 | D:5      | Reached skill level 5 in Conjurations
  6591 | D:5      | Reached skill level 5 in Dodging
  6642 | D:5      | Found a sacrificial altar of Ru.
  6733 | D:5      | Reached skill level 5 in Summonings
  6990 | D:5      | Learned a level 5 spell: Lightning Bolt
  7057 | D:5      | Reached XP level 9. HP: 37/49 MP: 15/17
  7141 | D:5      | Reached * piety under Vehumet
  7141 | D:5      | Offered knowledge of Foxfire by Vehumet.
  7146 | D:5      | Learned a level 1 spell: Foxfire
  7626 | D:6      | Noticed Dowan
  7627 | D:6      | Noticed Duvessa
  7649 | D:6      | Killed Duvessa
  7653 | D:6      | Killed Dowan
  7872 | D:6      | Noticed a brown ugly thing
  7881 | D:6      | Reached skill level 5 in Spellcasting
  7892 | D:6      | Reached skill level 6 in Summonings
  7892 | D:6      | Reached skill level 5 in Evocations
  7939 | D:6      | Killed a brown ugly thing
  8253 | D:6      | Found a hazy altar of Hepliaklqana.
  8332 | D:7      | Found a white marble altar of Elyvilon.
  8364 | D:7      | Noticed a +0 hand axe
  8364 | D:7      | Noticed a +0 dagger
  8368 | D:7      | Found a hide-covered altar of Uskayaw.
  8400 | D:7      | Found Nouxafure's Magic Scroll Boutique.
  8413 | D:7      | Reached ** piety under Vehumet
  8455 | D:7      | Offered knowledge of Magic Dart by Vehumet.
  8793 | D:7      | Found a runed translucent door.
  8795 | D:7      | Noticed a manticore
  8813 | D:7      | Reached XP level 10. HP: 26/56 MP: 19/19
  8821 | D:7      | Killed a manticore
  8822 | D:7      | Reached skill level 7 in Summonings
  8829 | D:7      | Identified the ring "Plog" {rC+ Will+ Int+3}
  8837 | D:7      | Slain by an unseen horror

Illustrated notes

Levels and vault maps discovered:
D:1:      shiori_arrival_oz, layout_loops_ring
D:2:      layout_loops_ring, chequers_ecumenical_altar_simple_redux,
          serial_rivers, chequers_serial_rivers_small_b,
          chequers_serial_rivers_micro_a, chequers_serial_rivers_small_3,
          chequers_serial_rivers_micro_d
D:3:      layout_basic, serial_bayou_lagoon_a
D:4:      layout_basic, enter_ossuary_5
D:5:      minmay_diamond_boxcup, layout_basic,
          chequers_temple_overflow_statue_of_worship, minmay_temple_entry_hall,
          nicolae_ru_sacrificial_ziggurat
D:6:      minmay_chambers_of_sixes, layout_loops_ring, basic_altar,
          nrook_pool_corridor, minmay_misc_feat_secret_circle, uniq_duvessa
D:7:      minmay_the_grid_triangle_9x9_recursive_2
          [minmay_the_grid_triangle_9x9_prize_schism,
          minmay_the_grid_triangle_9x9_dagger,
          minmay_the_grid_triangle_9x9_swiss_cheese,
          minmay_the_grid_triangle_9x9_tough_junction], layout_loops_ring,
          dancing_weapons_uskayaw, lemuel_coloured_pillars_altar, serial_shops,
          shop_scrolls
Temple:   compressed_dpeg_circular_temple

Skill      XL: |  1  2  3  4  5  6  7  8  9 10 |
---------------+-------------------------------+-----
Evocations     | 1 2 3 4 5 6 |  6.0
Summonings     | 1 2 3 4 5 6 7 |  7.1
Conjurations   | 2 3 4 5 6 |  6.4
Dodging        | 3 4 5 6 |  6.9
Fighting       | 1 2 3 |  3.8
Spellcasting   | 3 4 5 |  5.8
Air Magic      | 5 6 |  6.6
Stealth        | |  2.0

Action                   |  1- 3 |  4- 6 |  7- 9 | 10-12 || total
-------------------------+-------+-------+-------+-------++-------
Melee: Unarmed           |    24 |       |       |       ||    24
       Peck              |    11 |    21 |    50 |     3 ||    85
       Kick              |    13 |    31 |    54 |     5 ||   103
       Short sword       |    61 |    59 |       |       ||   120
       Rapier            |       |    88 |    27 |       ||   115
       Staff             |       |       |    49 |       ||    49
       Hand axe          |       |       |   146 |    11 ||   157
 Cast: Shock             |    29 |    53 |   110 |       ||   192
       Static Discharge  |     1 |     3 |    10 |       ||    14
       Swiftness         |       |     1 |       |       ||     1
 Abil: Fly               |       |     1 |       |       ||     1
Evoke: Wand              |       |       |       |     5 ||     5
  Use: Scroll            |     4 |     5 |    11 |       ||    20
       Potion            |     1 |       |     1 |     2 ||     4
 Stab: Sleeping          |     1 |     5 |     5 |       ||    11
       Distracted        |       |       |     1 |       ||     1
       Paralysed         |       |       |       |     5 ||     5
Armor: Robe              |    12 |    17 |    21 |     4 ||    54
Dodge: Dodged            |    91 |   100 |   239 |    20 ||   450
